 Dungeon Crawl Stone Soup version 0.28.0 (webtiles) character file.

Game seed: 14071724905831688915

256 Sanktem7 the Chopper (level 6, -4/55 HPs)
             Began as a Hill Orc Fighter on Feb 11, 2022.
             Slain by Duvessa (11 damage)
             ... on level 5 of the Dungeon.
             The game lasted 00:07:11 (3442 turns).

Sanktem7 the Chopper (Hill Orc Fighter)             Turns: 3442, Time: 00:07:13

Health: -4/55      AC:  8    Str: 21    XL:     6   Next: 16%
Magic:  6/6        EV:  9    Int:  8    God:
Gold:   162        SH:  4    Dex: 10    Spells: 5/5 levels left

rFire   . . .      SeeInvis .   a - +0 war axe
rCold   . . .      Faith    .   c - +0 buckler
rNeg    . . .      Spirit   .   b - +0 scale mail
rPois   .          Reflect  .   k - +1 hat
rElec   .          Harm     .   (no cloak)
rCorr   .          Rampage  .   (no gloves)
Will    .....                   (no boots)
Stlth   ..........              (no amulet)
HPRegen 0.18/turn               (no ring)
MPRegen 0.10/turn               (no ring)

@: no status effects
A: no striking features
a: no special abilities


You were on level 5 of the Dungeon.
You visited 1 branch of the dungeon, and saw 5 of its levels.

You collected 162 gold pieces.

Inventory:

Hand Weapons
 a - a +0 war axe (weapon)
 m - a +0 hand crossbow
Missiles
 n - 8 bolts
Armour
 b - a +0 scale mail (worn)
 c - a +0 buckler (worn)
 k - a +1 hat (worn)
Scrolls
 h - a scroll of holy word {unknown}
 j - a scroll of identify
 l - a scroll of teleportation
 p - a scroll of enchant armour
Potions
 d - 2 potions of might
 e - 2 potions of curing {unknown}
 f - a potion of heal wounds {unknown}
 g - a potion of ambrosia {unknown}
 i - a potion of haste {unknown}
 o - 3 potions of attraction
 q - a potion of mutation {unknown}


   Skills:
 * Level 4.8 Fighting
 * Level 5.7 Axes
 * Level 1.3 Crossbows
 * Level 4.6 Armour
 + Level 0.3 Dodging
 - Level 3.2 Shields


You had 5 spell levels left.
You didn't know any spells.
Your spell library contained the following spells:

 Spells                   Type           Power      Damage    Failure   Level
 Magic Dart               Conj           0%         1d3       83%         1
 Searing Ray              Conj           0%         2d4       92%         2
 Fulminant Prism          Conj/Hex       0%         3d6       100%        4
 Petrify                  Tmut/Erth      0%         N/A       100%        4
 Metabolic Englaciation   Hex/Ice        0%         N/A       100%        5
 Statue Form              Tmut/Erth      0%         N/A       100%        6


Dungeon Overview and Level Annotations

Branches:
Dungeon (5/15)
 Temple: D:4-7

Altars:
Trog

Shops:
D:1 (

Annotations:
D:5 Duvessa


Message History

Duvessa hits you with a +0 short sword.
You closely miss Duvessa.
Duvessa is severely wounded.
You hit Dowan but do no damage. Duvessa hits you with a +0 short sword.
Dowan barely misses you. Duvessa hits you with a +0 short sword.
You hit Duvessa but do no damage.
Duvessa is severely wounded.
You closely miss Dowan. Dowan misses you.
Duvessa hits you with a +0 short sword.
You barely miss Duvessa.
Duvessa is severely wounded.
You barely miss Dowan. Duvessa misses you. Dowan hits you but does no damage.
Duvessa hits you but does no damage. Dowan hits you but does no damage.
You hit Duvessa but do no damage.
Duvessa is severely wounded.
You slash Dowan! Duvessa completely misses you. Duvessa closely misses you.
Dowan hits you with a +0 dagger.
You hit Duvessa.
Duvessa is severely wounded.
You barely miss Dowan. Duvessa hits you with a +0 short sword.
Dowan hits you with a +0 dagger. Duvessa hits you with a +0 short sword.
You barely miss Duvessa.
Duvessa is severely wounded.
You closely miss Dowan. Duvessa hits you with a +0 short sword.
* * * LOW HITPOINT WARNING * * *
You block Dowan's attack. Duvessa hits you with a +0 short sword!
* * * LOW HITPOINT WARNING * * *
You hit Duvessa but do no damage.
Duvessa is severely wounded.
You hit Dowan.
Dowan says, "Stay away from my face!"
Dowan hits you but does no damage. You block Duvessa's attack.
Dowan barely misses you. Duvessa closely misses you.
You completely miss Duvessa.
Duvessa is severely wounded.
You slash Dowan!
You kill Dowan!
Duvessa weeps, and shakes her weapon.
Duvessa goes berserk!
Duvessa hits you with a +0 short sword!
You die...

####### ### ......# #..
.####.####.### #####
.............. ...(
.####.####.##### ...####
............##.##.#.....
#####.####..##.....<...$
....>....##..........
#.#.###.......@e......
#.#.. #........)#..... #
### #.#.##....# ...
...#....#+## .
#......... ............
..########.... .. #.####


You could see Duvessa (berserk, fast).

Vanquished Creatures
  Dowan (D:5)
  An orc priest (D:4)
  Jessica (D:3)
  An orc wizard (D:4)
  A mummy (D:4)
  Robin (D:2)
  6 adders
  A white imp (D:5)
  2 worms (D:2)
  A dart slug (D:1)
  3 orcs
  4 endoplasms
  A giant cockroach (D:1)
  16 goblins
  16 hobgoblins
  2 jackals (D:1)
  3 quokkas
  4 ball pythons
  5 bats
  4 frilled lizards
  A hobgoblin zombie (D:4)
  3 kobolds (D:1)
  2 orc zombies (D:4)
  4 rats
84 creatures vanquished.

Notes
Turn   | Place    | Note
-------+----------+-------------------------------------------
     0 | D:1      | Sanktem7 the Hill Orc Fighter began the quest for the Orb.
     0 | D:1      | Reached XP level 1. HP: 19/19 MP: 1/1
    94 | D:1      | Reached XP level 2. HP: 27/27 MP: 2/2
   104 | D:1      | Reached skill level 3 in Axes
   307 | D:1      | Found Amnafekk's Weapon Shoppe.
   864 | D:2      | Noticed Robin
   873 | D:2      | Reached XP level 3. HP: 25/33 MP: 3/3
   901 | D:2      | Killed Robin
   902 | D:2      | Reached skill level 4 in Axes
  1241 | D:2      | Reached XP level 4. HP: 40/40 MP: 4/4
  1824 | D:3      | Noticed Jessica
  1827 | D:3      | Killed Jessica
  1828 | D:3      | Reached skill level 5 in Axes
  1828 | D:3      | Reached XP level 5. HP: 47/47 MP: 5/5
  2245 | D:3      | Found a faded altar of an unknown god.
  2752 | D:4      | Reached skill level 1 in Crossbows
  2764 | D:4      | Reached XP level 6. HP: 22/55 MP: 6/6
  3284 | D:4      | Found a bloodstained altar of Trog.
  3335 | D:5      | Entered Level 5 of the Dungeon
  3428 | D:5      | Noticed Dowan
  3429 | D:5      | Noticed Duvessa
  3442 | D:5      | Killed Dowan
  3442 | D:5      | Slain by Duvessa

Illustrated notes

Levels and vault maps discovered:
D:1:      amcnicky_arrival_double_pillar, layout_loops_cross, serial_glass,
          glass_columns_b, glass_columns_b, item_on_display_a, serial_shops,
          shop
D:2:      layout_rooms, minmay_misc_feat_plants, uniq_robin
D:3:      corexii_shack_village, layout_rooms, ebering_ecumenical_altar_box,
          grunt_ministairs_8, hex_tiny, uniq_jessica
D:4:      layout_rooms, general_overflow_altar, chequers_serial_rivers_small_b,
          minmay_mini_ossuary
D:5:      layout_basic, pdpol_wu_jian_five_deadly_venoms, minmay_joined_circles,
          uniq_duvessa

Skill      XL: |  1  2  3  4  5 |
---------------+----------------+-----
Axes           | 3 4 5 |  5.7
Fighting       | 4 |  4.8
Armour         | 4 |  4.6
Crossbows      | 1 |  1.3
Dodging        | |  0.3
Shields        | |  3.2

Action                   |  1- 3 |  4- 6 || total
-------------------------+-------+-------++-------
Melee: War axe           |   110 |   169 ||   279
       Hand crossbow     |       |     1 ||     1
  Use: Scroll            |       |     5 ||     5
Armor: Scale mail        |    56 |    87 ||   143
Dodge: Dodged            |    48 |    74 ||   122
Block: Buckler           |    32 |    37 ||    69
